APL (24 & UNDER)
PENSACOLA PILOTS @ SAVANNAH HOGS
07/02/2027
 
TOP OF THE 1ST
Pensacola Pilots batting - Pitching for Savannah Hogs : RHP Esteban Ramírez
Pitching: RHP Esteban Ramírez
Batting: LHB Armando Domínguez 0-0: Foul Ball, location: 2F
0-1: Swinging Strike
0-2: Ball
1-2: Ball
2-2: Foul Ball, location: 2F
2-2: Foul Ball, location: 2F
2-2: Ball
3-2: Foul Ball, location: 2F
3-2: Base on Balls
Batting: RHB Roberto Gómez 0-0: Foul Ball, location: 2F
0-1: Foul Ball, location: 2F
0-2: Ball
Armando Domínguez steals 2nd base
1-2: Ball
2-2: Ball
3-2: Foul Ball, location: 2F
3-2: Foul Ball, location: 2F
3-2: SINGLE (Groundball, 6MS) (infield hit)
Armando Domínguez to third
Batting: LHB Weston Chaney 0-0: Called Strike
Roberto Gómez steals 2nd base
0-1: Fly out, F6 (Popup, 6D)
Batting: RHB Julian Lee 0-0: Called Strike
0-1: Foul Ball, location: 2F
0-2: Ball
1-2: Fly out, F8 (Flyball, 78S)
Batting: RHB Jonny Lord 0-0: Called Strike
0-1: Swinging Strike
0-2: Ball
1-2: Foul Ball, location: 2F
1-2: Strikes out looking
Top of the 1st over - 0 run(s), 1 hit(s), 0 error(s), 2 left on base; Pensacola 0 - Savannah 0
BOTTOM OF THE 1ST
Savannah Hogs batting - Pitching for Pensacola Pilots : LHP Fernando Palácios
Pitching: LHP Fernando Palácios
Batting: RHB Ernesto Gómez 0-0: Called Strike
0-1: Foul Ball, location: 2F
0-2: Strikes out swinging
Batting: RHB Sergio Moreno 0-0: Foul Ball, location: 2F
0-1: Ground out 6-3 (Groundball, 6)
Batting: RHB Remi Eruzione 0-0: Ball
1-0: SINGLE (Flyball, 8LS)
Batting: RHB Henry Dawson 0-0: Ball
1-0: Ball
Wild Pitch!
Remi Eruzione to second
2-0: Called Strike
2-1: Swinging Strike
2-2: Ball
3-2: Base on Balls
Batting: RHB Anastasio Movonda 0-0: Called Strike
0-1: Ball
1-1: Swinging Strike
1-2: Ball
2-2: Foul Ball, location: 2F
2-2: Fielders Choice at 2nd, U4 (Groundball, 4M)
Bottom of the 1st over - 0 run(s), 1 hit(s), 0 error(s), 2 left on base; Pensacola 0 - Savannah 0
TOP OF THE 2ND
Pensacola Pilots batting - Pitching for Savannah Hogs : RHP Esteban Ramírez
Batting: LHB Nick Gamble 0-0: Ball
1-0: Foul Ball, location: 2F
1-1: Ball
2-1: Ball
3-1: Swinging Strike
3-2: Base on Balls
Batting: LHB Pedro Ramos 0-0: Foul Ball, location: 2F
0-1: Fly out, F4 (Popup, 4D)
Batting: RHB Aaron Grizzle 0-0: Called Strike
Nick Gamble steals 2nd base
0-1: Ball
1-1: Ball
2-1: Ball
3-1: TRIPLE (Line Drive, 7D)
Nick Gamble scores
Batting: RHB Jesús García 0-0: Ball
1-0: Fly out, F9 (Flyball, 89M)
Runner from 3rd tags up, SCORES, throw made
Batting: LHB Armando Domínguez 0-0: Called Strike
0-1: Ball
1-1: Ball
2-1: DOUBLE (Flyball, 78D)
Batting: RHB Roberto Gómez 0-0: Ball
1-0: Foul Ball, location: 2F
1-1: Swinging Strike
1-2: Ball
2-2: Ball
3-2: Foul Ball, location: 2F
3-2: Ground out 5-3 (Groundball, 56)
Top of the 2nd over - 2 run(s), 2 hit(s), 0 error(s), 1 left on base; Pensacola 2 - Savannah 0
BOTTOM OF THE 2ND
Savannah Hogs batting - Pitching for Pensacola Pilots : LHP Fernando Palácios
Batting: LHB Ivan Costello 0-0: Called Strike
0-1: Ball
1-1: Ball
2-1: Foul Ball, location: 2F
2-2: Foul Ball, location: 2F
2-2: SOLO HOME RUN (Flyball, 7D), Distance : 370 ft
Batting: LHB Manny Hernández 0-0: Foul Ball, location: 2F
0-1: Ball
1-1: Ball
2-1: Ball
3-1: Foul Ball, location: 2F
3-2: Fly out, F9 (Line Drive, 9)
Batting: RHB Júlio Peña 0-0: Called Strike
0-1: Ball
1-1: Ball
2-1: Foul Ball, location: 2F
2-2: Reached on error, E5 (Groundball, 5)
Batting: LHB Marv Alexander 0-0: Ball
1-0: SINGLE (Groundball, 3D)
Júlio Peña to third
Runner from 3rd tries for Home, SAFE, no throw
Batting: RHB Ernesto Gómez 0-0: Called Strike
Marv Alexander is caught stealing 2nd base
0-1: Ball
1-1: Called Strike
1-2: Foul Ball, location: 2F
1-2: SOLO HOME RUN (Flyball, 9D), Distance : 357 ft
Batting: RHB Sergio Moreno 0-0: Ground out 5-3 (Groundball, 5)
Bottom of the 2nd over - 3 run(s), 3 hit(s), 1 error(s), 0 left on base; Pensacola 2 - Savannah 3
TOP OF THE 3RD
Pensacola Pilots batting - Pitching for Savannah Hogs : RHP Esteban Ramírez
Batting: LHB Weston Chaney 0-0: Ball
1-0: Ball
2-0: Swinging Strike
2-1: Called Strike
2-2: Ball
3-2: Base on Balls
Batting: RHB Julian Lee 0-0: Ball
1-0: Foul Ball, location: 2F
1-1: Fly out, F8 (Flyball, 8RM)
Batting: RHB Jonny Lord 0-0: Foul Ball, location: 2F
0-1: Called Strike
0-2: Ball
1-2: Fly out, F8 (Flyball, 78D)
Batting: LHB Nick Gamble 0-0: Ball
1-0: Called Strike
1-1: SINGLE (Groundball, 34D)
Weston Chaney to second
Runner from 2nd tries for 3rd, SAFE, throw made to third
Nick Gamble to second
Pinch Runner at 3rd Fernando Gutiérrez:
Batting: LHB Pedro Ramos 0-0: Ball
1-0: Ball
2-0: Called Strike
2-1: Ground out 4-3 (Groundball, 4)
Top of the 3rd over - 0 run(s), 1 hit(s), 0 error(s), 2 left on base; Pensacola 2 - Savannah 3
BOTTOM OF THE 3RD
Savannah Hogs batting - Pitching for Pensacola Pilots : LHP Fernando Palácios
Now at 1B: Fernando Gutiérrez
Batting: RHB Remi Eruzione 0-0: Ball
1-0: Ball
2-0: Ball
3-0: Called Strike
3-1: Base on Balls
Batting: RHB Henry Dawson 0-0: Ball
1-0: Fly out, F7 (Flyball, 7S)
Batting: RHB Anastasio Movonda 0-0: Ball
1-0: Ball
2-0: Ball
Remi Eruzione steals 2nd base
3-0: Called Strike
3-1: Called Strike
3-2: Strikes out looking
Batting: LHB Ivan Costello 0-0: Called Strike
0-1: Ground out 4-3 (Groundball, 4)
Bottom of the 3rd over - 0 run(s), 0 hit(s), 0 error(s), 1 left on base; Pensacola 2 - Savannah 3
TOP OF THE 4TH
Pensacola Pilots batting - Pitching for Savannah Hogs : RHP Esteban Ramírez
Batting: RHB Aaron Grizzle 0-0: Ball
1-0: Ground out 5-3 (Groundball, 56)
Batting: RHB Jesús García 0-0: Called Strike
0-1: Called Strike
0-2: Ground out 5-3 (Groundball, 56S)
Batting: LHB Armando Domínguez 0-0: Ball
1-0: Ball
2-0: Ball
3-0: Called Strike
3-1: Called Strike
3-2: Foul Ball, location: 2F
3-2: Fly out, F7 (Flyball, 7LMF)
Top of the 4th over - 0 run(s), 0 hit(s), 0 error(s), 0 left on base; Pensacola 2 - Savannah 3
BOTTOM OF THE 4TH
Savannah Hogs batting - Pitching for Pensacola Pilots : LHP Fernando Palácios
Batting: RHB Javier Músquez 0-0: Foul Ball, location: 2F
0-1: Ball
1-1: Swinging Strike
1-2: Foul Ball, location: 2F
1-2: Foul Ball, location: 2F
1-2: Strikes out looking
Batting: RHB Júlio Peña 0-0: Foul Ball, location: 2F
0-1: Ground out 4-3 (Groundball, 4D)
Batting: LHB Marv Alexander 0-0: Foul Ball, location: 2F
0-1: Called Strike
0-2: Foul Ball, location: 2F
0-2: Ground out 1-3 (Groundball, 13S)
Bottom of the 4th over - 0 run(s), 0 hit(s), 0 error(s), 0 left on base; Pensacola 2 - Savannah 3
TOP OF THE 5TH
Pensacola Pilots batting - Pitching for Savannah Hogs : RHP Esteban Ramírez
Pitching: RHP Álex Solano
Now in LF: Javier Músquez
Batting: RHB Roberto Gómez 0-0: Called Strike
0-1: Ground out 4-3 (Groundball, 4)
Batting: SHB Fernando Gutiérrez 0-0: Ball
1-0: Ball
2-0: Called Strike
2-1: Ball
3-1: Foul Ball, location: 2F
3-2: Strikes out looking
Batting: RHB Julian Lee 0-0: Called Strike
0-1: Foul Ball, location: 2F
0-2: Ground out 1-3 (Groundball, 13)
Top of the 5th over - 0 run(s), 0 hit(s), 0 error(s), 0 left on base; Pensacola 2 - Savannah 3
BOTTOM OF THE 5TH
Savannah Hogs batting - Pitching for Pensacola Pilots : LHP Fernando Palácios
Batting: RHB Ernesto Gómez 0-0: Called Strike
0-1: DOUBLE (Flyball, 8RD)
Batting: RHB Sergio Moreno 0-0: Ball
1-0: Ball
2-0: Called Strike
2-1: Foul Ball, location: 2F
2-2: Ball
3-2: Strikes out swinging
Batting: RHB Remi Eruzione 0-0: Called Strike
0-1: Ball
1-1: Swinging Strike
1-2: Foul Ball, location: 2F
1-2: Strikes out swinging
Batting: RHB Henry Dawson 0-0: Called Strike
0-1: Ball
1-1: Ball
2-1: Ground out 4-3 (Groundball, 4)
Bottom of the 5th over - 0 run(s), 1 hit(s), 0 error(s), 1 left on base; Pensacola 2 - Savannah 3
TOP OF THE 6TH
Pensacola Pilots batting - Pitching for Savannah Hogs : RHP Álex Solano
Batting: RHB Jonny Lord 0-0: Fly out, F7 (Flyball, 78M)
Batting: LHB Nick Gamble 0-0: Called Strike
0-1: Called Strike
0-2: Foul Ball, location: 2F
0-2: Ball
1-2: Ball
2-2: Foul Ball, location: 2F
2-2: Reached on error, E9 (Flyball, 9)
Batting: LHB Pedro Ramos 0-0: Called Strike
0-1: Called Strike
0-2: Foul Ball, location: 2F
0-2: DOUBLE (Flyball, 78D)
Nick Gamble to third
Runner from 3rd tries for Home, throw and OUT!
Pedro Ramos to third
Batting: RHB Aaron Grizzle 0-0: Foul Ball, location: 2F
0-1: Foul Ball, location: 2F
0-2: SINGLE (Groundball, 6MD)
Pedro Ramos scores
Batting: RHB Jesús García 0-0: Called Strike
0-1: DOUBLE (Line Drive, 7LM)
Aaron Grizzle to third
Batting: LHB Armando Domínguez 0-0: Ball
1-0: Foul Ball, location: 2F
1-1: Ball
2-1: SINGLE (Groundball, 34D)
Aaron Grizzle scores
Jesús García to third
Pitching: RHP Shannon Wallace
Batting: RHB Roberto Gómez 0-0: Called Strike
0-1: SINGLE (Groundball, 6D)
Jesús García scores
Armando Domínguez to second
Batting: SHB Fernando Gutiérrez 0-0: SINGLE (Line Drive, 56D)
Armando Domínguez to third
Roberto Gómez to second
Runner from 3rd tries for Home, SAFE, no throw
Batting: RHB Julian Lee 0-0: Ball
1-0: Foul Ball, location: 2F
1-1: Ball
2-1: Ball
3-1: Base on Balls
Roberto Gómez to third
Fernando Gutiérrez to second
Batting: RHB Jonny Lord 0-0: Ball
1-0: Ball
2-0: Called Strike
2-1: Foul Ball, location: 2F
2-2: Strikes out swinging
Top of the 6th over - 4 run(s), 6 hit(s), 1 error(s), 3 left on base; Pensacola 6 - Savannah 3
BOTTOM OF THE 6TH
Savannah Hogs batting - Pitching for Pensacola Pilots : LHP Fernando Palácios
Pitching: RHP Jesús Núñez
Batting: RHB Anastasio Movonda 0-0: Fly out, F8 (Flyball, 8LM)
Batting: LHB Ivan Costello 0-0: Called Strike
0-1: Ball
1-1: Ball
2-1: Ground out 6-3 (Groundball, 6)
Batting: RHB Javier Músquez 0-0: Ball
1-0: Ball
2-0: Ball
3-0: Base on Balls
Batting: RHB Júlio Peña 0-0: Fly out, F8 (Flyball, 8RXD)
Bottom of the 6th over - 0 run(s), 0 hit(s), 0 error(s), 1 left on base; Pensacola 6 - Savannah 3
TOP OF THE 7TH
Pensacola Pilots batting - Pitching for Savannah Hogs : RHP Shannon Wallace
Batting: LHB Nick Gamble 0-0: Ball
1-0: Fly out, F8 (Flyball, 8RD)
Batting: LHB Pedro Ramos 0-0: SOLO HOME RUN (Flyball, 89D), Distance : 378 ft
Batting: RHB Aaron Grizzle 0-0: SINGLE (Groundball, 56D)
Batting: RHB Jesús García 0-0: Called Strike
0-1: Swinging Strike
0-2: Ball
1-2: Ball
2-2: Strikes out swinging
Batting: LHB Armando Domínguez 0-0: Ball
1-0: 2-RUN HOME RUN (Flyball, 9D), Distance : 374 ft
Pitching: RHP Luis Sánchez
Batting: RHB Roberto Gómez 0-0: Foul Ball, location: 2F
0-1: Foul Ball, location: 2F
0-2: Ball
1-2: Strikes out swinging
Top of the 7th over - 3 run(s), 3 hit(s), 0 error(s), 0 left on base; Pensacola 9 - Savannah 3
BOTTOM OF THE 7TH
Savannah Hogs batting - Pitching for Pensacola Pilots : RHP Jesús Núñez
Pitching: RHP Manuel Valdés
Batting: LHB Marv Alexander 0-0: Ball
1-0: SINGLE (Line Drive, 6D)
Batting: RHB Ernesto Gómez 0-0: Ball
Marv Alexander steals 2nd base
1-0: Ground out 3-1 (Groundball, 34)
Marv Alexander to third
Batting: RHB Sergio Moreno 0-0: Ball
1-0: Ball
2-0: Called Strike
2-1: Called Strike
2-2: Strikes out swinging
Batting: RHB Remi Eruzione 0-0: Ball
1-0: TRIPLE (Flyball, 9LM)
Marv Alexander scores
Batting: RHB Henry Dawson 0-0: Ball
1-0: Ball
2-0: Ball
3-0: Base on Balls
Batting: RHB Anastasio Movonda 0-0: TRIPLE (Flyball, 9LS)
Remi Eruzione scores
Henry Dawson scores
Batting: LHB Ivan Costello 0-0: Foul Ball, location: 2F
0-1: Foul Ball, location: 2F
0-2: Fly out, F8 (Flyball, 8LM)
Bottom of the 7th over - 3 run(s), 3 hit(s), 0 error(s), 1 left on base; Pensacola 9 - Savannah 6
TOP OF THE 8TH
Pensacola Pilots batting - Pitching for Savannah Hogs : RHP Luis Sánchez
Batting: SHB Fernando Gutiérrez 0-0: Ball
1-0: Ball
2-0: Ball
3-0: Called Strike
3-1: Foul Ball, location: 2F
3-2: Base on Balls
Batting: RHB Julian Lee 0-0: Ball
1-0: Foul Ball, location: 2F
1-1: Ball
2-1: SINGLE (Groundball, 56D)
Fernando Gutiérrez to second
Pitching: RHP José Gonzáles
Batting: RHB Jonny Lord 0-0: Ball
1-0: Called Strike
1-1: Foul Ball, location: 2F
1-2: Ball
2-2: Strikes out looking
Pitching: RHP Jorge Durán
Batting: LHB Nick Gamble 0-0: Ball
1-0: Called Strike
1-1: Ball
2-1: Foul Ball, location: 2F
2-2: Ball
3-2: Strikes out looking
Batting: LHB Pedro Ramos 0-0: SINGLE (Line Drive, 4M)
Fernando Gutiérrez to third
Julian Lee to second
Runner from 3rd tries for Home, SAFE, throw made home
Julian Lee to third
Pedro Ramos to second
Batting: RHB Aaron Grizzle 0-0: Called Strike
0-1: Foul Ball, location: 2F
0-2: Ball
1-2: Strikes out swinging
Top of the 8th over - 1 run(s), 2 hit(s), 0 error(s), 2 left on base; Pensacola 10 - Savannah 6
BOTTOM OF THE 8TH
Savannah Hogs batting - Pitching for Pensacola Pilots : RHP Manuel Valdés
Batting: RHB Javier Músquez 0-0: Ball
1-0: Ball
2-0: Ball
3-0: Base on Balls
Batting: RHB Júlio Peña 0-0: Called Strike
0-1: Ball
1-1: Ball
2-1: Ball
3-1: Base on Balls
Javier Músquez to second
Batting: LHB Marv Alexander 0-0: Called Strike
0-1: Ball
1-1: Foul Ball, location: 2F
1-2: Ball
2-2: SINGLE (Line Drive, 8RS)
Javier Músquez to third
Júlio Peña to second
Runner from 3rd tries for Home, SAFE, no throw
Batting: RHB Ernesto Gómez 0-0: Ball
1-0: Ball
2-0: Ball
3-0: Called Strike
3-1: Fly out, F9 (Flyball, 9)
Batting: RHB Sergio Moreno 0-0: Ball
1-0: Ball
2-0: Called Strike
2-1: Ball
3-1: Base on Balls
Júlio Peña to third
Marv Alexander to second
Pinch Hitting: LHB Juan Delgado 0-0: Ball
1-0: Called Strike
1-1: Swinging Strike
1-2: Foul Ball, location: 2F
1-2: Ball
2-2: Strikes out swinging
Pinch Hitting: LHB Pedro Medine 0-0: Ball
1-0: Foul Ball, location: 2F
1-1: Fly out, F9 (Line Drive, 9)
Bottom of the 8th over - 1 run(s), 1 hit(s), 0 error(s), 3 left on base; Pensacola 10 - Savannah 7
TOP OF THE 9TH
Pensacola Pilots batting - Pitching for Savannah Hogs : RHP Jorge Durán
Now at 2B: León Gómez
Now in LF: Juan Delgado
Batting: RHB Jesús García 0-0: Called Strike
0-1: Ball
1-1: Swinging Strike
1-2: Ball
2-2: Ball
3-2: Foul Ball, location: 2F
3-2: Strikes out looking
Batting: LHB Armando Domínguez 0-0: Fly out, F7 (Flyball, 7S)
Batting: RHB Roberto Gómez 0-0: Foul Ball, location: 2F
0-1: Ball
1-1: Ball
2-1: Ball
3-1: Base on Balls
Batting: SHB Fernando Gutiérrez 0-0: Ball
Throwing error on steal attempt, E2
Roberto Gómez to third
1-0: Called Strike
1-1: Ball
2-1: Called Strike
2-2: Foul Ball, location: 2F
2-2: Ball
3-2: Fly out, F7 (Flyball, 7LMF)
Top of the 9th over - 0 run(s), 0 hit(s), 1 error(s), 1 left on base; Pensacola 10 - Savannah 7
BOTTOM OF THE 9TH
Savannah Hogs batting - Pitching for Pensacola Pilots : RHP Manuel Valdés
Batting: RHB Anastasio Movonda 0-0: Called Strike
0-1: Ball
1-1: Ball
2-1: Ball
3-1: Foul Ball, location: 2F
3-2: Foul Ball, location: 2F
3-2: Base on Balls
Batting: LHB Ivan Costello 0-0: Fielders Choice at 2nd, 6-4 (Groundball, 6)
Batting: RHB Javier Músquez 0-0: SINGLE (Line Drive, 7S)
Ivan Costello to second
Pitching: LHP Jorge Silva
Batting: RHB Júlio Peña 0-0: Ball
1-0: Foul Ball, location: 2F
1-1: Fly out, F8 (Flyball, 8LM)
Pinch Hitting: RHB José Fajardo 0-0: Swinging Strike
0-1: Foul Ball, location: 2F
0-2: Ball
1-2: Ball
2-2: Strikes out swinging
Bottom of the 9th over - 0 run(s), 1 hit(s), 0 error(s), 2 left on base; Pensacola 10 - Savannah 7
Thursday, March 30th, 2017 - OOTP Baseball 17.12 Build 75